 Dungeon Crawl Stone Soup version 0.21.1-1-g345015f (webtiles) character file.

1192 inc the Gouger (level 8, -1/37 HPs)
             Began as a Felid Enchanter on Feb 25, 2018.
             Slain by a gnoll shaman
             ... wielding a +0 trident
              (9 damage)
             ... in a bailey.
             The game lasted 00:24:22 (10559 turns).

inc the Gouger (Felid Enchanter)                   Turns: 10559, Time: 00:24:25

Health: -1/37      AC:  3    Str:  4    XL:     8   Next: 20%
Magic:  4/12       EV: 24    Int: 25    God:    Xom [.*....]
Gold:   301        SH:  0    Dex: 16    Spells: 5/11 levels left
                                        Lives:  0   Deaths: 2

rFire    . . .     SeeInvis +     - Unarmed
rCold    . . .     Gourm    .   (shield unavailable)
rNeg     . . .     Faith    .   (armour unavailable)
rPois    .         Spirit   .   (helmet unavailable)
rElec    .         Reflect  .   (cloak unavailable)
rCorr    .         Harm     .   (gloves unavailable)
MR       +....                  (boots unavailable)
Stlth    +++.......             (no amulet)
HPRegen  0.12/turn              h - +1 ring of protection
MPRegen  0.13/turn              (no ring)

@: brilliant, quick
A: very small, no armour, no weapons or thrown items, stealth, claws 1, fangs 3,
see invisible, carnivore, speed 1, shaggy fur 2, slow metabolism 1, sharp paws
a: Renounce Religion


You were in a bailey.
You worshipped Xom.
You were a plaything of Xom.
You were not hungry.

You visited 2 branches of the dungeon, and saw 10 of its levels.
You also visited: Bailey.

You collected 301 gold pieces.

Inventory:

Jewellery
 h - a +1 ring of protection (left paw)
 n - an uncursed ring of teleportation
 C - an uncursed ring of see invisible
Wands
 s - a wand of polymorph (3)
 t - a wand of digging (26)
 w - a wand of clouds (6)
 x - a wand of enslavement (12)
 y - a wand of paralysis (28)
Scrolls
 c - a scroll of enchant armour
 d - 2 scrolls of remove curse
 e - 2 scrolls of enchant weapon
 g - a scroll of amnesia {unknown}
 i - 4 scrolls of teleportation
 j - 2 scrolls of holy word {unknown}
 p - a scroll of random uselessness {unknown}
 q - 2 scrolls of noise {unknown}
 A - a scroll of brand weapon {unknown}
 B - 2 scrolls of magic mapping {unknown}
Potions
 f - a potion of invisibility {unknown}
 k - a potion of magic
 l - 2 potions of degeneration
 o - 2 potions of haste
 r - a potion of resistance
 u - a potion of berserk rage {unknown}
 v - a potion of curing
 z - a potion of ambrosia
Books
 a - a book of Maledictions

   Spells                             Type                      Level
   a - Corona                         Hexes                        1
   b - Ensorcelled Hibernation        Hexes/Ice                    2
   c - Confuse                        Hexes                        3
   d - Tukima's Dance                 Hexes                        3
   e - Dazzling Spray                 Conjuration/Hexes            3
Comestibles
 b - 10 rations


   Skills:
 - Level 5.3 Fighting
 + Level 8.3 Dodging
 - Level 5.2 Stealth
 - Level 9.2 Unarmed Combat
 - Level 2.0 Spellcasting
 - Level 7.5 Hexes
 - Level 3.6 Ice Magic


You had 5 spell levels left.
You knew the following spells:

 Your Spells              Type           Power        Failure   Level  Hunger
a - Corona                Hex            ######.      1%          1    None
b - Ensorcelled Hibernat  Hex/Ice        #####.       1%          2    ##.....
c - Confuse               Hex            ######..     1%          3    ###....


Dungeon Overview and Level Annotations

Branches:
Dungeon (9/15)             Temple (1/1) D:4
   Lair: D:8-11         Orc: D:9-12

Altars:
Ashenzari
Cheibriados
Dithmenos
Elyvilon
Fedhas
Hepliaklqana
Kikubaaqudgha
Makhleb
Nemelex Xobeh
Okawaru
Qazlal
Sif Muna
Trog
Uskayaw
Vehumet
Xom
Yredelemnul
The Shining One


Innate Abilities, Weirdness & Mutations

You cannot wear armour.
You are incapable of wielding weapons or throwing items.
Your paws allow you to move quietly. (Stealth)
You have sharp claws.
You have razor-sharp teeth.
You have supernaturally acute eyesight. (SInv)
You are carnivorous and can eat meat at any time.
You cover ground quickly.
You are covered in thick fur. (AC +2)
You have a slow metabolism.
Your sharp claws are effective at attacking unaware monsters.


Message History

A gnoll comes into view. It is wielding a trident.
The gnoll shaman shouts!
Your halberd hits the gnoll from afar!
The gnoll dies!
The gnoll shaman completely misses you. The gnoll shaman misses you. x2
You scratch the gnoll shaman but do no damage.
Your halberd hits the gnoll!!
The gnoll dies!
The gnoll shaman completely misses you. The gnoll shaman misses you.
The gnoll shaman closely misses you. The gnoll shaman misses you.
Your halberd hits the gnoll shaman from afar!!
The gnoll shaman dies!
It was a potion of brilliance.
You feel clever all of a sudden.
Xom roars with laughter!
Your halberd hits the gnoll!
The gnoll dies!
The gnoll shaman hits you from afar with a trident!
You die... "What!?
That's it?"

♣≈ #.......#
♣≈### #gg$8$..#
♣≈#..g#.......#
♣≈#...##g....## .
♣≈#....##...## ..
♣≈#8....##'## ...
♣≈#.....#...#....
♣≈##....'.g.'....
♣≈@## #.).#
♣≈..#####gg.####
♣≈g)g_.g)........
♣≈≈._(§..........
♣♣≈≈≈≈≈≈≈≈≈≈≈≈≈≈≈
♣♣♣♣♣♣♣♣♣♣♣♣♣♣♣♣


You could see 2 gnoll shamans and a friendly halberd.

Vanquished Creatures
  Prince Ribbit (D:5)
  Eustachio (D:4)
  A steam dragon (D:8)
  Duvessa (D:6)
  An ice beast (D:6)
  A sky beast (D:7)
  A black bear (D:6)
  4 ogres
  An orc warrior (D:8)
  An eye of draining (D:6)
  A centaur (D:8)
  2 big kobolds (D:8)
  A bullfrog (D:6)
  3 gnoll sergeants (Bailey)
  A scorpion (D:6)
  Dowan (D:6)
  A killer bee (D:5)
  6 wights
  5 howler monkeys
  A crimson imp (D:5)
  A quasit (D:7)
  4 hounds
  3 orc priests
  A jelly (D:8)
  4 orc wizards
  2 iguanas
  Ijyb (Temple)
  4 worker ants
  Robin (D:4)
  6 gnolls
  8 adders
  A shadow imp (D:7)
  3 oozes
  An adder zombie (D:8)
  3 adder skeletons
  8 worms
  A dart slug (D:1)
  3 leopard geckos (D:1)
  17 orcs
  4 ball pythons
  2 giant cockroaches
  20 goblins
  11 hobgoblins
  14 jackals
  3 quokkas
  8 bats
  3 frilled lizards
  15 kobolds
  11 rats
  A plant (D:3)
199 creatures vanquished.

Vanquished Creatures (collateral kills)
  Grinder (Temple)
  A gnoll sergeant (Bailey)
  A gnoll shaman (Bailey)
  3 gnolls (Bailey)
  An orc (Temple)
  2 goblins (Temple)
  A jackal (D:6)
  3 kobolds (D:8)
13 creatures vanquished.

Vanquished Creatures (others)
  A howler monkey (D:8)
  An adder skeleton (D:8)
  A kobold (D:8)
  2 plants (D:3)
5 creatures vanquished.

Grand Total: 217 creatures vanquished

Notes
Turn   | Place    | Note
-------+----------+-------------------------------------------
     0 | D:1      | inc the Felid Enchanter began the quest for the Orb.
     0 | D:1      | Reached XP level 1. HP: 7/7 MP: 4/4
   372 | D:1      | Reached skill level 2 in Unarmed Combat
   387 | D:1      | Reached XP level 2. HP: 11/11 MP: 6/6
  1386 | D:1      | Reached skill level 3 in Unarmed Combat
  1386 | D:1      | Reached XP level 3. HP: 14/14 MP: 7/7
  1394 | D:1      | Learned a level 2 spell: Ensorcelled Hibernation
  1398 | D:1      | Learned a level 3 spell: Confuse
  2276 | D:2      | Reached XP level 4. HP: 18/18 MP: 8/8
  2297 | D:2      | Reached skill level 4 in Unarmed Combat
  3256 | D:3      | Reached XP level 5. HP: 21/21 MP: 9/9
  3315 | D:3      | Reached skill level 5 in Unarmed Combat
  3578 | D:3      | Found a deep blue altar of Sif Muna.
  3691 | D:3      | Found a glowing golden altar of the Shining One.
  3949 | D:4      | Found a white marble altar of Elyvilon.
  4202 | D:4      | Noticed Grinder
  4335 | D:4      | Noticed Robin
  4337 | D:4      | Found a staircase to the Ecumenical Temple.
  4349 | Temple   | Entered the Ecumenical Temple
  4766 | Temple   | Became a worshipper of Xom of Malevolent Giggling
  4880 | D:4      | Noticed Ijyb
  4883 | Temple   | XOM: silly message
  4884 | Temple   | XOM: summons 5 friendly demons
  4903 | Temple   | Killed Grinder
  4903 | Temple   | Reached skill level 6 in Unarmed Combat
  4903 | Temple   | Gained mutation: You are covered in thick fur. (AC +2) [Felid growth]
  4903 | Temple   | Reached XP level 6. HP: 24/24 MP: 6/10
  4959 | Temple   | XOM: divination: detect creatures
  4962 | Temple   | Killed Ijyb
  5036 | D:4      | Killed Robin
  5142 | D:4      | Found a basalt altar of Yredelemnul.
  5190 | D:4      | XOM: 3-stop teleportation journey
  5689 | D:4      | Reached skill level 5 in Stealth
  5852 | D:4      | Noticed Eustachio
  5863 | D:4      | Killed Eustachio
  5863 | D:4      | Reached skill level 5 in Hexes
  5863 | D:4      | Reached skill level 1 in Ice Magic
  5863 | D:4      | Reached XP level 7. HP: 26/27 MP: 7/11
  5961 | D:4      | XOM: polymorph killer bee -> wolf
  5963 | D:5      | Entered Level 5 of the Dungeon
  6956 | D:5      | Noticed Prince Ribbit
  6966 | D:5      | Killed Prince Ribbit
  6966 | D:5      | Reached XP level 8. HP: 13/31 MP: 3/12
  6991 | D:5      | XOM: mild Chrm miscast
  7157 | D:5      | XOM: harmless Chrm miscast
  7171 | D:5      | Reached skill level 1 in Fighting
  7366 | D:6      | XOM: harmless Tmut miscast
  7465 | D:6      | XOM: swap monsters
  7466 | D:6      | XOM: cast spell 'Metabolic Englaciation'
  7492 | D:6      | XOM: noise
  7541 | D:6      | XOM: mild Air miscast
  7679 | D:6      | XOM: 3-stop teleportation journey
  7680 | D:6      | Noticed Duvessa
  7680 | D:6      | Noticed Dowan
  7683 | D:6      | Killed Dowan
  7862 | D:6      | Reached skill level 5 in Fighting
  8007 | D:6      | XOM: medium Conj miscast
  8259 | D:6      | XOM: cast spell 'Summon Dragon'
  8264 | D:6      | Killed Duvessa
  8264 | D:6      | Reached skill level 7 in Unarmed Combat
  8397 | D:6      | XOM: chaos upgrade
  8589 | D:6      | XOM: divination: detect creatures
  8605 | D:6      | Reached skill level 8 in Unarmed Combat
  8605 | D:6      | Reached XP level 9. HP: 28/40 MP: 0/13
  8812 | D:6      | XOM: harmless Pois miscast
  8963 | D:7      | XOM is BORED!
  8963 | D:7      | XOM: enchant monster (bad)
  9064 | D:7      | XOM: medium Tmut miscast
  9149 | D:7      | XOM: mild Summ miscast
  9153 | D:7      | XOM: cast spell 'Death Channel'
  9379 | D:7      | Reached skill level 9 in Unarmed Combat
  9420 | D:9      | XOM: cast spell 'Call Canine Familiar'
  9425 | D:8      | XOM: harmless Air miscast
  9438 | D:8      | Killed from afar by a steam dragon
  9439 | D:8      | Reached XP level 8. HP: -1/37 MP: 12/12
  9481 | D:8      | XOM: enchant monster (good)
  9570 | D:8      | Found a sparkling altar of Nemelex Xobeh.
  9789 | D:8      | XOM: butterfly on damage
  9790 | D:8      | Reached skill level 5 in Dodging
  9882 | D:8      | XOM: god gift: shortbow {god gift}
  9968 | D:8      | XOM: polymorph killer bee -> jelly
  9977 | D:8      | XOM: divination: magic mapping
  9982 | D:8      | Found a flagged portal.
  9987 | Bailey   | Entered a bailey
 10003 | Bailey   | XOM: scenery: create altars
 10359 | Bailey   | Reached XP level 9. HP: 40/40 MP: 10/13
 10401 | Bailey   | XOM: noise
 10523 | Bailey   | XOM: destruction
 10524 | Bailey   | Slain by a gnoll
 10525 | Bailey   | Reached XP level 8. HP: 0/37 MP: 2/12
 10537 | Bailey   | XOM: summons friendly white imp
 10545 | Bailey   | XOM: smoke on damage
 10550 | Bailey   | XOM: scenery: create altars
 10559 | Bailey   | Slain by a gnoll shaman

Skill      XL: |  1  2  3  4  5  6  7  8  9 |
---------------+----------------------------+-----
Unarmed Combat | 2 3 4 6 8 9 |  9.2
Stealth        | 5 |  5.2
Hexes          | 5 7 |  7.5
Ice Magic      | 1 3 |  3.6
Fighting       | 5 |  5.3
Dodging        | 8 |  8.3
Spellcasting   | |  2.0

Action                   |  1- 3 |  4- 6 |  7- 9 || total
-------------------------+-------+-------+-------++-------
Melee: Unarmed           |   101 |   141 |   258 ||   500
       Bite              |     7 |    14 |    17 ||    38
       Punch             |     1 |     2 |     6 ||     9
 Cast: Corona            |    15 |       |       ||    15
       Ensorcelled Hiber |    10 |    58 |   104 ||   172
       Confuse           |       |     6 |    28 ||    34
  Use: Scroll            |       |     3 |     6 ||     9
       Potion            |       |       |     6 ||     6
 Stab: Sleeping          |    22 |    40 |    58 ||   120
       Confused          |       |     1 |     5 ||     6
       Distracted        |       |       |     4 ||     4
  Eat: Chunk             |     2 |    20 |    15 ||    37
Armor: Skin              |     6 |     6 |    17 ||    29
Dodge: Dodged            |    61 |   119 |   253 ||   433
